Carnivores vs Little Stars

Created - April 12, 2018 at 19:24

Goals
1 2 3 T
Carnivores 1 0 1 2
Little Stars 1 3 1 5
Shots
1 2 3 T
Carnivores 17 11 9 37
Little Stars 12 16 5 33

1st period

1. Little Stars , Tyson Barrie 3 (Hugh Jessiman 18, Daniel O'regan 9) at 7:56
2. Carnivores , Nikita Alexeev 12 (Joe Corvo 9, Blake Geoffrion 57) at 14:49 (PP)

Penalties :
Phil Oreskovic (Tex) for Tripping (Minor) at 1:09, Steve Begin (Bre) for Holding Stick (Minor) at 5:35, Daniel Catenacci (Tex) for Tripping (Minor) at 14:17

2nd period

3. Little Stars , Hugh Jessiman 20 (Robert Klinkhammer 15) at 3:52
4. Little Stars , Mathieu Perreault 21 (Cam Atkinson 48) at 5:51
5. Little Stars , Phil Oreskovic 8 (Alex Chiasson 86, Brian Flynn 77) at 13:09 (PP)

Penalties :
Alex Chiasson (Tex) for High sticking (Minor) at 7:33, Nicolas Kerdiles (Bre) for Tripping (Minor) at 13:05, Nicolas Kerdiles (Bre) for Hooking (Minor) at 19:31

3rd period

6. Little Stars , Jesper Fast 25 (Tyson Barrie 25, Alexander Vasyunov 18) at 17:31
7. Carnivores , Brendan Gallagher 41 (Blake Geoffrion 58, Anton Gustafsson 55) at 18:51

Penalties :
Markus Granlund (Bre) for Tripping (Minor) at 4:57, Adam Pelech (Bre) for Hooking (Minor) at 9:45, Sasha Pokulok (Bre) for Delaying the game (Minor) at 14:18

Goalie Stats

Antti Raanta (Bre), 28 saves from 33 shots - (0.848), L, 9-16-5, 60:00 minutes
Jhonas Enroth (Tex), 35 saves from 37 shots - (0.946), W, 43-14-1, 60:00 minutes

Players Stats for Carnivores

Player Name              G  A  P  +/- PIM S  H  SB GA TA FO     MP     PP MP  PK MP  
------------------------------------------------------------------------------------
Adam Pelech              0  0  0  -1  2   0  0  0  0  0  0/0     6:51   0:00   0:00 
Anton Gustafsson         0  1  1   0  0   0  1  0  0  0  16/28  19:38   2:28   2:37 
Blake Geoffrion          0  2  2   0  0   3  1  0  0  0  1/1    19:38   2:02   2:42 
Brendan Gallagher        1  0  1   0  0   3  2  0  1  0  1/2    22:07   2:28   5:18 
Colton Orr               0  0  0  -1  0   6  1  0  0  0  0/0     8:41   0:00   0:00 
David Schlemko           0  0  0   0  0   0  0  0  0  0  0/0     0:10   0:00   0:08 
Jeremy Welsh             0  0  0  -1  0   2  0  0  1  0  0/0    10:38   0:00   0:00 
Jeremy Williams          0  0  0  -1  0   4  1  0  0  0  1/2    13:35   0:00   2:38 
Joe Corvo                0  1  1   0  0   5  2  2  1  2  0/0    21:19   1:51   6:13 
Josh Manson              0  0  0   0  0   0  0  0  0  0  0/0    12:42   0:00   3:47 
Markus Granlund          0  0  0  -1  2   0  3  0  0  1  1/4    12:49   2:02   0:00 
Mat Clark                0  0  0   0  0   0  1  0  0  0  0/0     8:26   0:00   0:00 
Nate Schmidt             0  0  0   0  0   1  0  0  0  2  0/0    17:58   0:00   6:26 
Nicolas Kerdiles         0  0  0  -1  4   0  1  0  0  0  0/1    11:11   0:00   1:39 
Nikita Alexeev           1  0  1  -1  0   1  1  0  0  0  0/0    12:48   2:02   0:00 
Ryan Murray              0  0  0  -2  0   1  1  1  0  2  0/0    19:37   2:39   0:00 
Sasha Pokulok            0  0  0  -2  2   1  1  1  0  0  0/0    19:38   2:39   0:00 
Scott Laughton           0  0  0  -1  0   2  0  0  0  0  2/4    10:07   0:00   0:55 
Steve Begin              0  0  0  -1  2   5  1  1  0  0  4/7    17:47   2:28   4:09 
T.J Brodie               0  0  0  -1  0   2  0  1  0  2  0/0    13:36   1:51   3:24 
Zack Smith               0  0  0  -1  0   1  1  0  0  0  5/11   10:39   0:00   0:00 

Players Stats for Little Stars

Player Name              G  A  P  +/- PIM S  H  SB GA TA FO     MP     PP MP  PK MP  
------------------------------------------------------------------------------------
Alex Chiasson            0  1  1   0  2   4  0  1  2  0  0/3    21:32   5:44   1:41 
Alexander Vasyunov       0  1  1   1  0   1  0  1  1  0  0/1     8:27   0:00   0:12 
Andrej Sustr             0  0  0   2  0   1  0  1  0  0  0/0    18:39   3:46   1:38 
Brian Flynn              0  1  1   0  0   1  2  0  0  1  19/36  20:41   5:44   0:50 
Cam Atkinson             0  1  1   1  0   1  0  0  0  0  0/0    15:37   4:12   0:50 
Daniel Catenacci         0  0  0   1  2   0  3  0  0  0  0/1     8:40   0:00   0:26 
Daniel O'regan           0  1  1   1  0   0  2  1  0  0  4/7    12:57   0:00   0:41 
Duncan Siemens           0  0  0   0  0   0  0  0  0  0  0/0     1:11   0:00   1:11 
Hugh Jessiman            1  1  2   1  0   6  2  5  1  0  1/2    13:28   0:03   0:52 
Jesper Fast              1  0  1   1  0   2  0  0  2  0  0/1     8:15   0:00   0:00 
Jesse Joensuu            0  0  0   1  0   2  0  0  0  0  1/2    14:47   4:12   0:00 
Jordie Benn              0  0  0   2  0   1  0  1  0  0  0/0     9:29   0:00   0:00 
Mathieu Perreault        1  0  1   1  0   2  1  1  0  2  3/4    14:47   4:12   0:00 
Michael Mersch           0  0  0   0  0   0  0  0  0  0  0/0     1:02   0:03   0:42 
Niklas Hjalmarsson       0  0  0  -1  0   1  2  0  2  0  0/0    26:57   6:13   2:52 
Phil Oreskovic           1  0  1  -1  2   2  3  4  0  0  0/0    25:46   6:13   1:41 
Reece Willcox            0  0  0   0  0   0  0  0  0  0  0/0     0:00   0:00   0:00 
Robert Klinkhammer       0  1  1   1  0   3  0  0  0  0  0/0    12:16   0:00   0:00 
Scott Harrington         0  0  0   0  0   0  1  0  0  0  0/0     4:55   0:00   0:00 
Scott Kosmachuck         0  0  0   0  0   0  0  0  0  0  0/0     0:20   0:03   0:00 
Shawn Matthias           0  0  0   0  0   3  3  1  0  0  1/3    22:38   5:44   2:46 
Tyler Wotherspoon        0  0  0   0  0   0  0  0  0  0  0/0     4:55   0:00   0:00 
Tyson Barrie             1  1  2   2  0   2  1  1  0  0  0/0     9:29   0:00   0:00 
Ville Pokka              0  0  0   0  0   0  0  0  0  0  0/0     0:00   0:00   0:00 
Yannick Weber            0  0  0   2  0   1  3  1  1  0  0/0    18:39   3:46   1:38 

3 Stars

1 - Hugh Jessiman (Tex)
2 - Tyson Barrie (Tex)
3 - Jhonas Enroth (Tex)

Power Play

Carnivores - 1 on 3 Attempt(s) - 33.33%
Little Stars - 1 on 6 Attempt(s) - 16.67%

Penalty Kill

Carnivores - 5 on 6 Attempt(s) - 83.33% - Score 0 goal in Penalty Kill
Little Stars - 2 on 3 Attempt(s) - 66.67% - Score 0 goal in Penalty Kill

Team Stat

Carnivores - Hits : 18 - Faceoff Wins : 31 - Blocked Shots : 6 - Penalty Minutes : 12
Little Stars - Hits : 23 - Faceoff Wins : 29 - Blocked Shots : 18 - Penalty Minutes : 6

Official

Referees : L'Ecuyer Frederick and Pollock Kevin
Linesman : Brian Mach and Lonnie Cameron

Game Notes

18:51 of 3rd period - Carnivores goal is going for a video replay. After video review, Goal.

Finance

Level 1 -- Attendance: 1664 (83.20%) -- Ticket Income $66,560
Level 2 -- Attendance: 714 (71.40%) -- Ticket Income $14,280
Total Attendance: 2378 (79.27%)
Total Ticket Income: $80,840
Other Income: $4,042
Total Income: $84,882

Carnivores

5 vs 5 Forward 
   Center                   Left Wing                Right Wing               Time % Phy DF OF 
 1 Anton Gustafsson         Blake Geoffrion          Brendan Gallagher        40     1   2  2  
 2 Zack Smith               Steve Begin              Nikita Alexeev           30     1   2  2  
 3 Markus Granlund          Jeremy Welsh             Jeremy Williams          20     1   2  2  
 4 Scott Laughton           Nicolas Kerdiles         Colton Orr               10     1   2  2  

5 vs 5 Defense 
   Defense                  Defense                                           Time % Phy DF OF 
 1 Ryan Murray              Sasha Pokulok                                     40     1   2  2  
 2 Joe Corvo                Nate Schmidt                                      30     1   2  2  
 3 Mat Clark                Josh Manson                                       20     1   2  2  
 4 T.J Brodie               Adam Pelech                                       10     1   2  2  

PowerPlay Forward 
   Center                   Left Wing                Right Wing               Time % Phy DF OF 
 1 Anton Gustafsson         Steve Begin              Brendan Gallagher        60     1   2  2  
 2 Markus Granlund          Blake Geoffrion          Nikita Alexeev           40     1   2  2  

PowerPlay Defense
   Defense                  Defense                                           Time % Phy DF OF 
 1 Ryan Murray              Sasha Pokulok                                     60     1   2  2  
 2 Joe Corvo                T.J Brodie                                        40     1   2  2  

Penalty Kill 4 Players Forward 
   Center                   Wing                     Time % Phy DF OF 
 1 Steve Begin              Brendan Gallagher        60     1   2  2  
 2 Anton Gustafsson         Blake Geoffrion          40     1   2  2  

Penalty Kill 4 Players Defense
   Defense                  Defense                  Time % Phy DF OF 
 1 Joe Corvo                Nate Schmidt             60     1   2  2  
 2 T.J Brodie               Nate Schmidt             40     1   2  2  

Penalty Kill - 3 Players Forward 
   Forward                                           Time % Phy DF OF 
 1 Steve Begin                                       60     1   2  2  
 2 Nikita Alexeev                                    40     1   2  2  

Penalty Kill - 3 Players Defense
   Defense                  Defense                  Time % Phy DF OF 
 1 Ryan Murray              Sasha Pokulok            60     1   2  2  
 2 T.J Brodie               Nate Schmidt             40     1   2  2  

4 vs 4 Forward 
   Center                   Wing                     Time % Phy DF OF 
 1 Steve Begin              Nikita Alexeev           60     1   2  2  
 2 Jeremy Williams          Blake Geoffrion          40     1   2  2  

4 vs 4 Defense
   Defense                  Defense                  Time % Phy DF OF 
 1 Ryan Murray              Nate Schmidt             60     1   2  2  
 2 Joe Corvo                T.J Brodie               40     1   2  2  

Last Minutes Offensive
   Center                   Left Wing                Right Wing               Defense                  Defense                  
   Anton Gustafsson         Steve Begin              Brendan Gallagher        Joe Corvo                Nate Schmidt             

Last Minutes Defensive
   Center                   Left Wing                Right Wing               Defense                  Defense                  
   Anton Gustafsson         Steve Begin              Brendan Gallagher        Joe Corvo                Nate Schmidt             

Goaltenders
Starting : Antti Raanta             
Backup : Mike McKenna             

Extra Forwards
Normal : Scott Laughton, Jeremy Welsh, Jeremy Williams - PP : Jeremy Welsh, Scott Laughton - PK : Jeremy Williams
Extra Defensemen
Normal : Mat Clark, T.J Brodie, Josh Manson - PP : Mat Clark - PK : T.J Brodie, Josh Manson
Penalty Shots
Steve Begin, Nikita Alexeev, Brendan Gallagher, Blake Geoffrion, Jeremy Welsh

Scratches
Mattias Backman (Healthy), Adam Almquist (Healthy), Stanislav Galiev (Healthy), Mark MacMillan (Healthy), Tyler Graovac (Healthy)
Patrick McNeill (Healthy), Troy Bourke (Healthy), Alexandre Mallet (Healthy), Michael Schumacher (Healthy), Daniel Altshuller (Healthy)

Little Stars

5 vs 5 Forward 
   Center                   Left Wing                Right Wing               Time % Phy DF OF 
 1 Brian Flynn              Shawn Matthias           Alex Chiasson            40     1   2  2  
 2 Mathieu Perreault        Jesse Joensuu            Cam Atkinson             30     1   2  2  
 3 Daniel O'regan           Robert Klinkhammer       Hugh Jessiman            20     1   2  2  
 4 Daniel Catenacci         Alexander Vasyunov       Jesper Fast              10     1   2  2  

5 vs 5 Defense 
   Defense                  Defense                                           Time % Phy DF OF 
 1 Niklas Hjalmarsson       Phil Oreskovic                                    40     1   2  2  
 2 Andrej Sustr             Yannick Weber                                     30     1   2  2  
 3 Jordie Benn              Tyson Barrie                                      20     1   2  2  
 4 Tyler Wotherspoon        Scott Harrington                                  10     1   2  2  

PowerPlay Forward 
   Center                   Left Wing                Right Wing               Time % Phy DF OF 
 1 Brian Flynn              Shawn Matthias           Alex Chiasson            60     1   2  2  
 2 Mathieu Perreault        Jesse Joensuu            Cam Atkinson             40     1   2  2  

PowerPlay Defense
   Defense                  Defense                                           Time % Phy DF OF 
 1 Niklas Hjalmarsson       Phil Oreskovic                                    60     1   2  2  
 2 Andrej Sustr             Yannick Weber                                     40     1   2  2  

Penalty Kill 4 Players Forward 
   Center                   Wing                     Time % Phy DF OF 
 1 Alex Chiasson            Shawn Matthias           60     1   2  2  
 2 Cam Atkinson             Brian Flynn              40     1   2  2  

Penalty Kill 4 Players Defense
   Defense                  Defense                  Time % Phy DF OF 
 1 Niklas Hjalmarsson       Phil Oreskovic           60     1   2  2  
 2 Andrej Sustr             Yannick Weber            40     1   2  2  

Penalty Kill - 3 Players Forward 
   Forward                                           Time % Phy DF OF 
 1 Alex Chiasson                                     60     1   2  2  
 2 Shawn Matthias                                    40     1   2  2  

Penalty Kill - 3 Players Defense
   Defense                  Defense                  Time % Phy DF OF 
 1 Niklas Hjalmarsson       Phil Oreskovic           60     1   2  2  
 2 Andrej Sustr             Yannick Weber            40     1   2  2  

4 vs 4 Forward 
   Center                   Wing                     Time % Phy DF OF 
 1 Alex Chiasson            Shawn Matthias           60     1   2  2  
 2 Cam Atkinson             Brian Flynn              40     1   2  2  

4 vs 4 Defense
   Defense                  Defense                  Time % Phy DF OF 
 1 Niklas Hjalmarsson       Phil Oreskovic           60     1   2  2  
 2 Andrej Sustr             Yannick Weber            40     1   2  2  

Last Minutes Offensive
   Center                   Left Wing                Right Wing               Defense                  Defense                  
   Brian Flynn              Shawn Matthias           Alex Chiasson            Niklas Hjalmarsson       Phil Oreskovic           

Last Minutes Defensive
   Center                   Left Wing                Right Wing               Defense                  Defense                  
   Brian Flynn              Shawn Matthias           Alex Chiasson            Niklas Hjalmarsson       Phil Oreskovic           

Goaltenders
Starting : Jhonas Enroth            
Backup : Peter Delmas             

Extra Forwards
Normal : Michael Mersch, Scott Kosmachuck, Hugh Jessiman - PP : Michael Mersch, Scott Kosmachuck - PK : Hugh Jessiman
Extra Defensemen
Normal : Reece Willcox, Duncan Siemens, Ville Pokka - PP : Reece Willcox - PK : Duncan Siemens, Ville Pokka
Penalty Shots
Alex Chiasson, Shawn Matthias, Cam Atkinson, Brian Flynn, Hugh Jessiman

Scratches
Dana Tyrell (Suspend), Alexander Khokhlachev (Healthy), Anthony Camara (Healthy), Dillon Simpson (Healthy), Anthony Stolarz (Healthy)

% Time on Ice - Carnivores

Lines # - Real PCT - Wanted PCT - Time Play
Normal Forward
1 - 33% - 40% - 15:14
2 - 24% - 30% - 10:58
3 - 23% - 20% - 10:38
4 - 19% - 10% - 8:41
Normal Defense
1 - 40% - 40% - 18:14
2 - 27% - 30% - 12:16
3 - 19% - 20% - 8:26
4 - 14% - 10% - 6:35
PP Forward
1 - 55% - 60% - 2:28
2 - 45% - 40% - 2:02
PP Defense
1 - 59% - 60% - 2:39
2 - 41% - 40% - 1:51
PK Forward
1 - 74% - 60% - 7:22
2 - 26% - 40% - 2:37
PK Defense
1 - 66% - 60% - 6:35
2 - 34% - 40% - 3:24
PK3 Forward
1 - 0% - 60%
2 - 0% - 40%
PK3 Defense
1 - 0% - 60%
2 - 0% - 40%
44 Forward
1 - 0% - 60%
2 - 0% - 40%
44 Defense
1 - 0% - 60%
2 - 0% - 40%
Last Minute Offensive  - 0:00
Last Minute Defensive  - 0:00
Total
Forward - 60:00
Defense - 60:00

% Time on Ice - Little Stars

Lines # - Real PCT - Wanted PCT - Time Play
Normal Forward
1 - 32% - 40% - 14:25
2 - 23% - 30% - 10:35
3 - 27% - 20% - 12:16
4 - 18% - 10% - 8:15
Normal Defense
1 - 39% - 40% - 17:52
2 - 29% - 30% - 13:15
3 - 21% - 20% - 9:29
4 - 11% - 10% - 4:55
PP Forward
1 - 58% - 60% - 5:47
2 - 42% - 40% - 4:12
PP Defense
1 - 62% - 60% - 6:13
2 - 38% - 40% - 3:46
PK Forward
1 - 81% - 60% - 3:40
2 - 19% - 40% - 0:50
PK Defense
1 - 64% - 60% - 2:52
2 - 36% - 40% - 1:38
PK3 Forward
1 - 0% - 60%
2 - 0% - 40%
PK3 Defense
1 - 0% - 60%
2 - 0% - 40%
44 Forward
1 - 0% - 60%
2 - 0% - 40%
44 Defense
1 - 0% - 60%
2 - 0% - 40%
Last Minute Offensive  - 0:00
Last Minute Defensive  - 0:00
Total
Forward - 60:00
Defense - 60:00

Play by Play

1st period


0:01 of 1st period - Anton Gustafsson wins face-off versus Brian Flynn in neutral zone.
0:11 of 1st period - Snap shot by Shawn Matthias.
0:11 of 1st period - Deflect By Ryan Murray.
0:11 of 1st period - Stopped by Antti Raanta without a rebound.
0:12 of 1st period - Mathieu Perreault wins face-off versus Zack Smith in Carnivores zone.
0:21 of 1st period - Slapshot by Steve Begin.
0:21 of 1st period - Stopped by Jhonas Enroth with a rebound.
0:23 of 1st period - Slapshot by Nate Schmidt.
0:23 of 1st period - Stopped by Jhonas Enroth with a rebound.
0:25 of 1st period - Backhand shot by Joe Corvo.
0:25 of 1st period - Stopped by Jhonas Enroth without a rebound.
0:26 of 1st period - Daniel O'regan wins face-off versus Markus Granlund in Little Stars zone.
0:31 of 1st period - Mat Clark is hit by Tyson Barrie and loses puck.
1:03 of 1st period - Wrist shot by Blake Geoffrion.
1:03 of 1st period - Stopped by Jhonas Enroth with a rebound.
1:09 of 1st period - Minor Penalty to Phil Oreskovic for Tripping.
1:10 of 1st period - Anton Gustafsson wins face-off versus Alex Chiasson in Little Stars zone.
1:15 of 1st period - Snap shot by Steve Begin.
1:15 of 1st period - Shot Misses the Net.
1:21 of 1st period - Slapshot by Anton Gustafsson.
1:21 of 1st period - Shot Misses the Net.
1:25 of 1st period - Slapshot by Brendan Gallagher.
1:25 of 1st period - Stopped by Jhonas Enroth with a rebound.
2:11 of 1st period - Icing by Steve Begin.
2:12 of 1st period - Anton Gustafsson wins face-off versus Alex Chiasson in Carnivores zone.
3:09 of 1st period - Penalty to Phil Oreskovic is over, Phil Oreskovic is back on ice.
3:24 of 1st period - Snap shot by Colton Orr.
3:24 of 1st period - Stopped by Jhonas Enroth with a rebound.
3:26 of 1st period - Slapshot by Ryan Murray.
3:26 of 1st period - Deflect By Colton Orr.
3:26 of 1st period - Stopped by Jhonas Enroth with a rebound.
3:28 of 1st period - Wrist shot by Nicolas Kerdiles.
3:28 of 1st period - Shot Blocked by Daniel O'regan.
3:30 of 1st period - Slapshot by Sasha Pokulok.
3:30 of 1st period - Deflect By Colton Orr.
3:30 of 1st period - Shot Misses the Net.
3:30 of 1st period - Puck is out of play.
3:31 of 1st period - Jesse Joensuu wins face-off versus Scott Laughton in Little Stars zone.
3:55 of 1st period - Nate Schmidt is hit by Phil Oreskovic and loses puck.
4:02 of 1st period - Snap shot by Jesper Fast.
4:02 of 1st period - Shot Misses the Net.
4:22 of 1st period - Sasha Pokulok is hit by Yannick Weber and loses puck.
4:41 of 1st period - Jeremy Williams is hit by Daniel O'regan and loses puck.
4:58 of 1st period - Snap shot by Jesse Joensuu.
4:58 of 1st period - Stopped by Antti Raanta with a rebound.
5:06 of 1st period - Slapshot by Colton Orr.
5:06 of 1st period - Stopped by Jhonas Enroth with a rebound.
5:10 of 1st period - Snap shot by Colton Orr.
5:10 of 1st period - Stopped by Jhonas Enroth without a rebound.
5:11 of 1st period - Anton Gustafsson wins face-off versus Shawn Matthias in Little Stars zone.
5:18 of 1st period - Wrist shot by Brendan Gallagher.
5:18 of 1st period - Shot Blocked by Tyson Barrie.
5:24 of 1st period - Snap shot by Brendan Gallagher.
5:24 of 1st period - Stopped by Jhonas Enroth without a rebound.
5:25 of 1st period - Brian Flynn wins face-off versus Zack Smith in Little Stars zone.
5:35 of 1st period - Minor Penalty to Steve Begin for Holding Stick.
5:36 of 1st period - Jeremy Williams wins face-off versus Brian Flynn in Carnivores zone.
5:36 of 1st period - Jeremy Williams is hit by Shawn Matthias.
5:45 of 1st period - Slapshot by Brian Flynn.
5:45 of 1st period - Shot Misses the Net.
5:47 of 1st period - Slapshot by Phil Oreskovic.
5:47 of 1st period - Deflect By Alex Chiasson.
5:47 of 1st period - Shot Misses the Net.
5:47 of 1st period - Puck is out of play.
5:48 of 1st period - Brian Flynn wins face-off versus Jeremy Williams in Carnivores zone.
7:03 of 1st period - Niklas Hjalmarsson is hit by Brendan Gallagher.
7:35 of 1st period - Penalty to Steve Begin is over, Steve Begin is back on ice.
7:44 of 1st period - Snap shot by Anton Gustafsson.
7:44 of 1st period - Shot Blocked by Hugh Jessiman.
7:46 of 1st period - Slapshot by Joe Corvo.
7:46 of 1st period - Stopped by Jhonas Enroth without a rebound.
7:47 of 1st period - Daniel O'regan wins face-off versus Zack Smith in Little Stars zone.
7:56 of 1st period - Snap shot by Tyson Barrie.
7:56 of 1st period - Goal by Tyson Barrie - Carnivores : 0 - Little Stars : 1.
7:57 of 1st period - Anton Gustafsson wins face-off versus Brian Flynn in neutral zone.
8:23 of 1st period - Sasha Pokulok is hit by Niklas Hjalmarsson.
9:03 of 1st period - Snap shot by Alexander Vasyunov.
9:03 of 1st period - Stopped by Antti Raanta with a rebound.
10:42 of 1st period - Off-side.
10:43 of 1st period - Brian Flynn wins face-off versus Scott Laughton in neutral zone.
11:12 of 1st period - Wrist shot by Blake Geoffrion.
11:12 of 1st period - Shot Misses the Net.
11:14 of 1st period - Slapshot by Blake Geoffrion.
11:14 of 1st period - Stopped by Jhonas Enroth with a rebound.
11:16 of 1st period - Slapshot by Anton Gustafsson.
11:16 of 1st period - Shot Misses the Net.
11:18 of 1st period - Wrist shot by Blake Geoffrion.
11:18 of 1st period - Stopped by Jhonas Enroth with a rebound.
11:36 of 1st period - Snap shot by Hugh Jessiman.
11:36 of 1st period - Stopped by Antti Raanta without a rebound.
11:37 of 1st period - Brian Flynn wins face-off versus Brendan Gallagher in Carnivores zone.
11:38 of 1st period - Snap shot by Alex Chiasson.
11:38 of 1st period - Shot Misses the Net.
11:40 of 1st period - Slapshot by Shawn Matthias.
11:40 of 1st period - Stopped by Antti Raanta with a rebound.
11:42 of 1st period - Snap shot by Shawn Matthias.
11:42 of 1st period - Stopped by Antti Raanta without a rebound.
11:43 of 1st period - Anton Gustafsson wins face-off versus Brian Flynn in Carnivores zone.
11:50 of 1st period - Wrist shot by Blake Geoffrion.
11:50 of 1st period - Deflect By Brendan Gallagher.
11:50 of 1st period - Shot Misses the Net.
11:50 of 1st period - Puck is out of play.
11:51 of 1st period - Brian Flynn wins face-off versus Anton Gustafsson in Little Stars zone.
12:16 of 1st period - Steve Begin is hit by Phil Oreskovic and loses puck.
12:47 of 1st period - Wrist shot by Jeremy Welsh.
12:47 of 1st period - Stopped by Jhonas Enroth without a rebound.
12:48 of 1st period - Anton Gustafsson wins face-off versus Brian Flynn in Little Stars zone.
13:43 of 1st period - Snap shot by Scott Laughton.
13:43 of 1st period - Shot Misses the Net.
13:45 of 1st period - Snap shot by Josh Manson.
13:45 of 1st period - Shot Blocked by Hugh Jessiman.
13:47 of 1st period - Backhand shot by Scott Laughton.
13:47 of 1st period - Stopped by Jhonas Enroth with a rebound.
14:11 of 1st period - Slapshot by Anton Gustafsson.
14:11 of 1st period - Shot Misses the Net.
14:17 of 1st period - Minor Penalty to Daniel Catenacci for Tripping.
14:18 of 1st period - Anton Gustafsson wins face-off versus Alex Chiasson in Little Stars zone.
14:45 of 1st period - Snap shot by Blake Geoffrion.
14:45 of 1st period - Shot Misses the Net.
14:47 of 1st period - Slapshot by Joe Corvo.
14:47 of 1st period - Shot Blocked by Alex Chiasson.
14:49 of 1st period - Wrist shot by Nikita Alexeev.
14:49 of 1st period - Goal by Nikita Alexeev - Carnivores : 1 - Little Stars : 1.
14:50 of 1st period - Brian Flynn wins face-off versus Anton Gustafsson in neutral zone.
15:23 of 1st period - Snap shot by Hugh Jessiman.
15:23 of 1st period - Stopped by Antti Raanta without a rebound.
15:24 of 1st period - Brian Flynn wins face-off versus Zack Smith in Carnivores zone.
15:25 of 1st period - Snap shot by Alex Chiasson.
15:25 of 1st period - Stopped by Antti Raanta with a rebound.
16:13 of 1st period - Snap shot by Robert Klinkhammer.
16:13 of 1st period - Stopped by Antti Raanta without a rebound.
16:14 of 1st period - Scott Laughton wins face-off versus Daniel O'regan in Carnivores zone.
16:21 of 1st period - Slapshot by Sasha Pokulok.
16:21 of 1st period - Shot Misses the Net.
16:31 of 1st period - Wrist shot by Hugh Jessiman.
16:31 of 1st period - Stopped by Antti Raanta with a rebound.
16:33 of 1st period - Snap shot by Jordie Benn.
16:33 of 1st period - Deflect By Hugh Jessiman.
16:33 of 1st period - Shot Blocked by Sasha Pokulok.
16:33 of 1st period - Puck is out of play.
16:34 of 1st period - Anton Gustafsson wins face-off versus Brian Flynn in Carnivores zone.
17:05 of 1st period - Off-side.
17:06 of 1st period - Zack Smith wins face-off versus Mathieu Perreault in neutral zone.
17:57 of 1st period - Slapshot by Joe Corvo.
17:57 of 1st period - Deflect By Andrej Sustr.
17:57 of 1st period - Stopped by Jhonas Enroth without a rebound.
17:58 of 1st period - Zack Smith wins face-off versus Alexander Vasyunov in Little Stars zone.
18:10 of 1st period - Wrist shot by Nikita Alexeev.
18:10 of 1st period - Shot Blocked by Phil Oreskovic.
18:49 of 1st period - Ryan Murray is hit by Daniel Catenacci and loses puck.
19:09 of 1st period - Wrist shot by Tyson Barrie.
19:09 of 1st period - Shot Misses the Net.
19:35 of 1st period - Slapshot by Phil Oreskovic.
19:35 of 1st period - Stopped by Antti Raanta without a rebound.
19:36 of 1st period - Brendan Gallagher wins face-off versus Brian Flynn in Carnivores zone.
19:41 of 1st period - Alex Chiasson is hit by Joe Corvo and loses puck.
19:48 of 1st period - Snap shot by Anton Gustafsson.
19:48 of 1st period - Shot Misses the Net.
Goals for this period are 1 for Carnivores vs 1 for Little Stars.
Shots for this period are 17 for Carnivores vs 12 for Little Stars.

2nd period


0:01 of 2nd period - Anton Gustafsson wins face-off versus Brian Flynn in neutral zone.
0:13 of 2nd period - Off-side.
0:14 of 2nd period - Zack Smith wins face-off versus Jesse Joensuu in neutral zone.
0:40 of 2nd period - Niklas Hjalmarsson is hit by Brendan Gallagher and loses puck.
1:12 of 2nd period - Snap shot by Hugh Jessiman.
1:12 of 2nd period - Deflect By Ryan Murray.
1:12 of 2nd period - Stopped by Antti Raanta without a rebound.
1:13 of 2nd period - Mathieu Perreault wins face-off versus Anton Gustafsson in Carnivores zone.
1:22 of 2nd period - Snap shot by Cam Atkinson.
1:22 of 2nd period - Shot Misses the Net.
2:21 of 2nd period - Backhand shot by Joe Corvo.
2:21 of 2nd period - Stopped by Jhonas Enroth with a rebound.
2:23 of 2nd period - Slapshot by Nate Schmidt.
2:23 of 2nd period - Shot Blocked by Yannick Weber.
2:25 of 2nd period - Snap shot by Markus Granlund.
2:25 of 2nd period - Deflect By Jeremy Welsh.
2:25 of 2nd period - Shot Blocked by Andrej Sustr.
2:25 of 2nd period - Puck is out of play.
2:26 of 2nd period - Markus Granlund wins face-off versus Brian Flynn in Little Stars zone.
2:51 of 2nd period - Jesse Joensuu is hit by Anton Gustafsson and loses puck.
3:18 of 2nd period - Snap shot by Colton Orr.
3:18 of 2nd period - Stopped by Jhonas Enroth without a rebound.
3:19 of 2nd period - Brian Flynn wins face-off versus Nicolas Kerdiles in Little Stars zone.
3:52 of 2nd period - Snap shot by Hugh Jessiman.
3:52 of 2nd period - Goal by Hugh Jessiman - Carnivores : 1 - Little Stars : 2.
3:53 of 2nd period - Anton Gustafsson wins face-off versus Brian Flynn in neutral zone.
4:18 of 2nd period - Ryan Murray is hit by Phil Oreskovic and loses puck.
4:25 of 2nd period - Slapshot by Steve Begin.
4:25 of 2nd period - Stopped by Jhonas Enroth with a rebound.
4:27 of 2nd period - Snap shot by Zack Smith.
4:27 of 2nd period - Stopped by Jhonas Enroth with a rebound.
5:45 of 2nd period - Wrist shot by Steve Begin.
5:45 of 2nd period - Stopped by Jhonas Enroth with a rebound.
5:51 of 2nd period - Snap shot by Mathieu Perreault.
5:51 of 2nd period - Goal by Mathieu Perreault - Carnivores : 1 - Little Stars : 3.
5:52 of 2nd period - Anton Gustafsson wins face-off versus Shawn Matthias in neutral zone.
5:57 of 2nd period - Snap shot by Brendan Gallagher.
5:57 of 2nd period - Deflect By Alex Chiasson.
5:57 of 2nd period - Shot Blocked by Shawn Matthias.
5:57 of 2nd period - Puck is out of play.
5:58 of 2nd period - Brian Flynn wins face-off versus Anton Gustafsson in Little Stars zone.
6:29 of 2nd period - Snap shot by Steve Begin.
6:29 of 2nd period - Stopped by Jhonas Enroth with a rebound.
6:31 of 2nd period - Slapshot by Sasha Pokulok.
6:31 of 2nd period - Stopped by Jhonas Enroth with a rebound.
6:33 of 2nd period - Snap shot by Ryan Murray.
6:33 of 2nd period - Shot Misses the Net.
6:45 of 2nd period - Snap shot by Cam Atkinson.
6:45 of 2nd period - Shot Misses the Net.
7:08 of 2nd period - Icing by Shawn Matthias.
7:09 of 2nd period - Brian Flynn wins face-off versus Anton Gustafsson in Little Stars zone.
7:15 of 2nd period - Icing by Brendan Gallagher.
7:16 of 2nd period - Anton Gustafsson wins face-off versus Brian Flynn in Carnivores zone.
7:16 of 2nd period - Anton Gustafsson is hit by Brian Flynn.
7:33 of 2nd period - Minor Penalty to Alex Chiasson for High sticking.
7:34 of 2nd period - Hugh Jessiman wins face-off versus Anton Gustafsson in Little Stars zone.
7:40 of 2nd period - Icing by Brendan Gallagher.
7:41 of 2nd period - Anton Gustafsson wins face-off versus Hugh Jessiman in Carnivores zone.
8:38 of 2nd period - Niklas Hjalmarsson is hit by Markus Granlund and loses puck.
9:33 of 2nd period - Penalty to Alex Chiasson is over, Alex Chiasson is back on ice.
9:45 of 2nd period - Mathieu Perreault is hit by Steve Begin and loses puck.
9:56 of 2nd period - Cam Atkinson is hit by Joe Corvo and loses puck.
10:05 of 2nd period - Scott Laughton is hit by Scott Harrington and loses puck.
10:10 of 2nd period - Snap shot by Jesse Joensuu.
10:10 of 2nd period - Shot Misses the Net.
10:12 of 2nd period - Slapshot by Mathieu Perreault.
10:12 of 2nd period - Stopped by Antti Raanta with a rebound.
10:22 of 2nd period - Snap shot by Cam Atkinson.
10:22 of 2nd period - Shot Blocked by T.J Brodie.
10:36 of 2nd period - Jordie Benn is hit by Colton Orr and loses puck.
10:55 of 2nd period - Wrist shot by Jesse Joensuu.
10:55 of 2nd period - Stopped by Antti Raanta with a rebound.
11:01 of 2nd period - Snap shot by Cam Atkinson.
11:01 of 2nd period - Stopped by Antti Raanta without a rebound.
11:02 of 2nd period - Brian Flynn wins face-off versus Markus Granlund in Carnivores zone.
11:32 of 2nd period - Wrist shot by Hugh Jessiman.
11:32 of 2nd period - Shot Misses the Net.
11:34 of 2nd period - Slapshot by Niklas Hjalmarsson.
11:34 of 2nd period - Deflect By Robert Klinkhammer.
11:34 of 2nd period - Stopped by Antti Raanta with a rebound.
11:36 of 2nd period - Wrist shot by Niklas Hjalmarsson.
11:36 of 2nd period - Stopped by Antti Raanta without a rebound.
11:37 of 2nd period - Anton Gustafsson wins face-off versus Daniel O'regan in Carnivores zone.
11:41 of 2nd period - Off-side.
11:42 of 2nd period - Daniel O'regan wins face-off versus Anton Gustafsson in neutral zone.
11:47 of 2nd period - Blake Geoffrion is hit by Daniel O'regan and loses puck.
12:08 of 2nd period - Brian Flynn is hit by Sasha Pokulok.
12:36 of 2nd period - Jesper Fast is hit by Jeremy Williams and loses puck.
12:53 of 2nd period - Snap shot by Daniel O'regan.
12:53 of 2nd period - Shot Misses the Net.
12:55 of 2nd period - Slapshot by Hugh Jessiman.
12:55 of 2nd period - Shot Misses the Net.
13:05 of 2nd period - Minor Penalty to Nicolas Kerdiles for Tripping.
13:06 of 2nd period - Brian Flynn wins face-off versus Steve Begin in Carnivores zone.
13:07 of 2nd period - Snap shot by Alex Chiasson.
13:07 of 2nd period - Shot Misses the Net.
13:09 of 2nd period - Slapshot by Phil Oreskovic.
13:09 of 2nd period - Goal by Phil Oreskovic - Carnivores : 1 - Little Stars : 4.
13:10 of 2nd period - Brian Flynn wins face-off versus Anton Gustafsson in neutral zone.
14:20 of 2nd period - Snap shot by Alex Chiasson.
14:20 of 2nd period - Stopped by Antti Raanta with a rebound.
14:22 of 2nd period - Snap shot by Brian Flynn.
14:22 of 2nd period - Stopped by Antti Raanta without a rebound.
14:23 of 2nd period - Mathieu Perreault wins face-off versus Anton Gustafsson in Carnivores zone.
14:53 of 2nd period - Anton Gustafsson is hit by Daniel Catenacci and loses puck.
17:05 of 2nd period - Snap shot by Colton Orr.
17:05 of 2nd period - Shot Blocked by Phil Oreskovic.
17:32 of 2nd period - Jeremy Welsh is hit by Shawn Matthias and loses puck.
18:19 of 2nd period - Slapshot by Jeremy Welsh.
18:19 of 2nd period - Shot Blocked by Alexander Vasyunov.
18:21 of 2nd period - Slapshot by Adam Pelech.
18:21 of 2nd period - Deflect By Jeremy Welsh.
18:21 of 2nd period - Stopped by Jhonas Enroth with a rebound.
18:23 of 2nd period - Snap shot by Adam Pelech.
18:23 of 2nd period - Shot Blocked by Jordie Benn.
18:25 of 2nd period - Slapshot by Markus Granlund.
18:25 of 2nd period - Deflect By Jeremy Williams.
18:25 of 2nd period - Stopped by Jhonas Enroth without a rebound.
18:26 of 2nd period - Blake Geoffrion wins face-off versus Brian Flynn in Little Stars zone.
18:35 of 2nd period - Wrist shot by Alex Chiasson.
18:35 of 2nd period - Stopped by Antti Raanta with a rebound.
18:37 of 2nd period - Slapshot by Yannick Weber.
18:37 of 2nd period - Stopped by Antti Raanta without a rebound.
18:38 of 2nd period - Brian Flynn wins face-off versus Anton Gustafsson in Carnivores zone.
18:49 of 2nd period - Snap shot by Alex Chiasson.
18:49 of 2nd period - Stopped by Antti Raanta with a rebound.
18:51 of 2nd period - Slapshot by Andrej Sustr.
18:51 of 2nd period - Deflect By Brendan Gallagher.
18:51 of 2nd period - Stopped by Antti Raanta with a rebound.
19:03 of 2nd period - Jesse Joensuu is hit by Zack Smith and loses puck.
19:10 of 2nd period - Snap shot by Jesse Joensuu.
19:10 of 2nd period - Shot Blocked by Steve Begin.
19:12 of 2nd period - Slapshot by Jordie Benn.
19:12 of 2nd period - Stopped by Antti Raanta with a rebound.
19:24 of 2nd period - Snap shot by Scott Laughton.
19:24 of 2nd period - Stopped by Jhonas Enroth with a rebound.
19:31 of 2nd period - Minor Penalty to Nicolas Kerdiles for Hooking.
19:32 of 2nd period - Steve Begin wins face-off versus Brian Flynn in Carnivores zone.
19:46 of 2nd period - Slapshot by Joe Corvo.
19:46 of 2nd period - Stopped by Jhonas Enroth with a rebound.
Goals for this period are 0 for Carnivores vs 3 for Little Stars.
Shots for this period are 11 for Carnivores vs 16 for Little Stars.

3rd period


0:01 of 3rd period - Steve Begin wins face-off versus Brian Flynn in neutral zone.
1:31 of 3rd period - Penalty to Nicolas Kerdiles is over, Nicolas Kerdiles is back on ice.
1:49 of 3rd period - Snap shot by Robert Klinkhammer.
1:49 of 3rd period - Shot Blocked by Joe Corvo.
2:35 of 3rd period - Sasha Pokulok is hit by Mathieu Perreault and loses puck.
2:48 of 3rd period - Brendan Gallagher is hit by Yannick Weber and loses puck.
3:01 of 3rd period - Alexander Vasyunov is hit by Mat Clark and loses puck.
3:38 of 3rd period - Phil Oreskovic is hit by Nikita Alexeev and loses puck.
4:19 of 3rd period - Wrist shot by Jeremy Williams.
4:19 of 3rd period - Deflect By Jeremy Welsh.
4:19 of 3rd period - Shot Blocked by Hugh Jessiman.
4:19 of 3rd period - Puck is out of play.
4:20 of 3rd period - Daniel O'regan wins face-off versus Markus Granlund in Little Stars zone.
4:20 of 3rd period - Daniel O'regan is hit by Markus Granlund.
4:55 of 3rd period - Wrist shot by Hugh Jessiman.
4:55 of 3rd period - Shot Misses the Net.
4:57 of 3rd period - Minor Penalty to Markus Granlund for Tripping.
4:58 of 3rd period - Brian Flynn wins face-off versus Steve Begin in Carnivores zone.
5:09 of 3rd period - Brendan Gallagher is hit by Brian Flynn and loses puck.
6:57 of 3rd period - Penalty to Markus Granlund is over, Markus Granlund is back on ice.
7:09 of 3rd period - Slapshot by Jeremy Williams.
7:09 of 3rd period - Deflect By Hugh Jessiman.
7:09 of 3rd period - Stopped by Jhonas Enroth with a rebound.
7:25 of 3rd period - Jesper Fast is hit by Ryan Murray and loses puck.
8:07 of 3rd period - Alexander Vasyunov is hit by Markus Granlund.
9:19 of 3rd period - Snap shot by Jeremy Welsh.
9:19 of 3rd period - Shot Blocked by Phil Oreskovic.
9:45 of 3rd period - Minor Penalty to Adam Pelech for Hooking.
9:46 of 3rd period - Steve Begin wins face-off versus Brian Flynn in Carnivores zone.
10:12 of 3rd period - Cam Atkinson is hit by Blake Geoffrion and loses puck.
10:20 of 3rd period - Slapshot by Yannick Weber.
10:20 of 3rd period - Shot Blocked by Joe Corvo.
10:40 of 3rd period - Slapshot by Joe Corvo.
10:40 of 3rd period - Shot Blocked by Mathieu Perreault.
11:08 of 3rd period - Slapshot by T.J Brodie.
11:08 of 3rd period - Stopped by Jhonas Enroth with a rebound.
11:45 of 3rd period - Penalty to Adam Pelech is over, Adam Pelech is back on ice.
11:51 of 3rd period - Slapshot by Tyson Barrie.
11:51 of 3rd period - Stopped by Antti Raanta with a rebound.
11:59 of 3rd period - Wrist shot by Jeremy Williams.
11:59 of 3rd period - Stopped by Jhonas Enroth with a rebound.
12:01 of 3rd period - Slapshot by T.J Brodie.
12:01 of 3rd period - Stopped by Jhonas Enroth without a rebound.
12:02 of 3rd period - Zack Smith wins face-off versus Jesper Fast in Little Stars zone.
12:31 of 3rd period - Off-side.
12:32 of 3rd period - Brian Flynn wins face-off versus Anton Gustafsson in neutral zone.
13:10 of 3rd period - Snap shot by Jeremy Williams.
13:10 of 3rd period - Stopped by Jhonas Enroth with a rebound.
13:22 of 3rd period - Snap shot by Niklas Hjalmarsson.
13:22 of 3rd period - Deflect By Daniel O'regan.
13:22 of 3rd period - Shot Blocked by Ryan Murray.
13:22 of 3rd period - Puck is out of play.
13:23 of 3rd period - Zack Smith wins face-off versus Daniel O'regan in Carnivores zone.
13:42 of 3rd period - Steve Begin is hit by Hugh Jessiman and loses puck.
14:13 of 3rd period - Snap shot by Robert Klinkhammer.
14:13 of 3rd period - Stopped by Antti Raanta with a rebound.
14:15 of 3rd period - Snap shot by Hugh Jessiman.
14:15 of 3rd period - Stopped by Antti Raanta without a rebound.
14:16 of 3rd period - Anton Gustafsson wins face-off versus Brian Flynn in Carnivores zone.
14:18 of 3rd period - Minor Penalty to Sasha Pokulok for Delaying the game.
14:19 of 3rd period - Steve Begin wins face-off versus Brian Flynn in Carnivores zone.
14:19 of 3rd period - Steve Begin is hit by Shawn Matthias.
14:49 of 3rd period - Anton Gustafsson is hit by Yannick Weber and loses puck.
16:18 of 3rd period - Penalty to Sasha Pokulok is over, Sasha Pokulok is back on ice.
16:55 of 3rd period - Slapshot by Colton Orr.
16:55 of 3rd period - Stopped by Jhonas Enroth with a rebound.
16:58 of 3rd period - Icing by Daniel Catenacci.
16:59 of 3rd period - Scott Laughton wins face-off versus Daniel Catenacci in Little Stars zone.
17:06 of 3rd period - Colton Orr is hit by Daniel Catenacci and loses puck.
17:29 of 3rd period - Snap shot by Jesper Fast.
17:29 of 3rd period - Stopped by Antti Raanta with a rebound.
17:31 of 3rd period - Slapshot by Jesper Fast.
17:31 of 3rd period - Deflect By Nicolas Kerdiles.
17:31 of 3rd period - Goal by Jesper Fast - Carnivores : 1 - Little Stars : 5.
17:32 of 3rd period - Brian Flynn wins face-off versus Anton Gustafsson in neutral zone.
17:35 of 3rd period - Anton Gustafsson is hit by Niklas Hjalmarsson and loses puck.
17:58 of 3rd period - Ryan Murray is hit by Hugh Jessiman and loses puck.
18:13 of 3rd period - Snap shot by Brendan Gallagher.
18:13 of 3rd period - Shot Misses the Net.
18:15 of 3rd period - Wrist shot by Blake Geoffrion.
18:15 of 3rd period - Shot Blocked by Hugh Jessiman.
18:17 of 3rd period - Backhand shot by Joe Corvo.
18:17 of 3rd period - Shot Blocked by Hugh Jessiman.
18:49 of 3rd period - Slapshot by Brendan Gallagher.
18:49 of 3rd period - Shot Misses the Net.
18:51 of 3rd period - Wrist shot by Brendan Gallagher.
18:51 of 3rd period - Carnivores goal is going for a video replay.
18:51 of 3rd period - The goal is good.
18:51 of 3rd period - Goal by Brendan Gallagher - Carnivores : 2 - Little Stars : 5.
18:52 of 3rd period - Brian Flynn wins face-off versus Zack Smith in neutral zone.
18:54 of 3rd period - Off-side.
18:55 of 3rd period - Shawn Matthias wins face-off versus Zack Smith in neutral zone.
19:07 of 3rd period - Wrist shot by Steve Begin.
19:07 of 3rd period - Stopped by Jhonas Enroth without a rebound.
19:08 of 3rd period - Brian Flynn wins face-off versus Steve Begin in Little Stars zone.
19:17 of 3rd period - Snap shot by Nikita Alexeev.
19:17 of 3rd period - Shot Blocked by Phil Oreskovic.
19:33 of 3rd period - Phil Oreskovic is hit by Nicolas Kerdiles and loses puck.
19:38 of 3rd period - Backhand shot by Ryan Murray.
19:38 of 3rd period - Deflect By Alex Chiasson.
19:38 of 3rd period - Stopped by Jhonas Enroth with a rebound.
Goals for this period are 1 for Carnivores vs 1 for Little Stars.
Shots for this period are 9 for Carnivores vs 5 for Little Stars.